 Dungeon Crawl Stone Soup version 0.30-a0-881-g1ff12e1e11 (webtiles) character file.

Game seed: 483195087957229647

1717 domi the Destroyer (level 8, 0/52 HPs)
             Began as a Demonspawn Conjurer on Mar 14, 2023.
             Was an Initiate of Gozag.
             Killed from afar by a steam dragon (23 damage)
             ... with a ball of steam
             ... on level 7 of the Dungeon.
             The game lasted 00:11:35 (8435 turns).

domi the Destroyer (Demonspawn Conjurer)            Turns: 8435, Time: 00:11:36

Health: 0/52       AC:  3    Str: 15    XL:     8   Next: 74%
Magic:  0/11       EV: 12    Int: 19    God:    Gozag
Gold:   634        SH:  0    Dex: 11    Spells: 0/11 levels left

rFire   . . .      SeeInvis .    q - +2 dagger (venom)
rCold   . . .      Faith    .    (no shield)
rNeg    + . .      Spirit   +    a - +0 robe
rPois   +          Reflect  .    (no helmet)
rElec   .          Rampage  .    h - +0 cloak {Will+}
rCorr   .                        (no gloves)
Will    +....                    (no boots)
Stlth   ++                       i - amulet of guardian spirit {Spirit}
HPRegen 0.28/turn                d - ring of positive energy {rN+}
MPRegen 0.12/turn                t - ring of poison resistance {rPois}

@: no status effects
A: claws 1, powered by death 1, strong 2
a: Renounce Religion, Potion Petition, Call Merchant, Bribe Branch


You were on level 7 of the Dungeon.
You worshipped Gozag.
Gozag was pleased with you.
You visited 2 branches of the dungeon, and saw 8 of its levels.

You collected 678 gold pieces.
You paid 44 gold pieces to Gozag.

Inventory:

Hand Weapons
 j - a +0 trident of protection
   (You found it on level 1 of the Dungeon)
 q - a +2 dagger of venom (weapon)
   (You found it on level 3 of the Dungeon)
Armour
 a - a +0 robe (worn)
 b - a +0 pair of boots
   (You found it on level 6 of the Dungeon)
 h - a +0 cloak of willpower (worn)
   (You found it on level 1 of the Dungeon)
 y - the +2 leather armour of Qairchoism {rC+ Will+ Str+2 Dex-2}
   (You found it on level 4 of the Dungeon)

   Str:       It affects your strength (+2).
   Dex:       It affects your dexterity (-2).
   rC:        It protects you from cold.
   Will:      It increases your willpower.
 F - the +1 scale mail "Rael" {Stlth+}
   (You found it on level 6 of the Dungeon)

   Stlth:     It makes you more stealthy.
Magical Staves
 o - a staff of death {rN+}
   (You took it off a goblin on level 2 of the Dungeon)
Jewellery
 d - a ring of positive energy (left claw) {rN+}
   (You found it on level 1 of the Dungeon)
 i - an amulet of guardian spirit (around neck) {Spirit}
   (You found it on level 1 of the Dungeon)
 n - a ring of fire {rF+, rC-}
   (You found it on level 2 of the Dungeon)
 t - a ring of poison resistance (right claw) {rPois}
   (You found it on level 3 of the Dungeon)
 z - a +4 ring of slaying
   (You found it on level 4 of the Dungeon)
 B - a +5 ring of evasion
   (You found it on level 4 of the Dungeon)
Scrolls
 c - 2 scrolls of amnesia {unknown}
 e - 6 scrolls of identify {@r1}
 p - a scroll of fog
 s - a scroll of poison
 v - 2 scrolls of blinking {unknown}
 D - 2 scrolls of enchant armour {unknown}
 E - 4 scrolls of immolation {unknown}
 H - a scroll of noise {unknown}
Potions
 f - a potion of cancellation
 k - a potion of invisibility {unknown}
 l - 2 potions of brilliance
 m - a potion of heal wounds {unknown}
 u - a potion of attraction {!q}
 A - a potion of haste {unknown}
 G - a potion of degeneration {unknown}


   Skills:
 - Level 1.7 Dodging
 - Level 1.7 Stealth
 - Level 2.0 Spellcasting
 - Level 9.4 Conjurations
 + Level 1.2 Hexes
 + Level 6.5 Translocations


You couldn't memorise any spells.
You knew the following spells:

 Your Spells              Type           Power      Damage    Failure   Level
c - Iskenderun's Mystic   Conj/Tloc      32%        2d8       6%          4
x - Searing Ray           Conj           74%        2d7       1%          2
z - Magic Dart            Conj           100%       1d8       1%          1
Z - Fulminant Prism       Conj/Hex       11%        3d8       19%         4

Your spell library contained the following spells:

 Spells                   Type           Power      Damage    Failure   Level
 Dazzling Flash           Conj/Hex       44%        N/A       6%          3
 Hailstorm                Conj/Ice       19%        3d6       8%          3
 Stone Arrow              Conj/Erth      38%        3d9       8%          3
 Animate Armour           Summ/Erth      2%         N/A       86%         4
 Ice Form                 Ice/Tmut       1%         N/A       86%         4
 Lehudib's Crystal Spear  Conj/Erth      9%         10d4      100%        8
 Simulacrum               Ice/Necr       Unusable   N/A       N/A         6

Dungeon Overview and Level Annotations

Branches:
Dungeon (7/15)             Temple (1/1) D:4

Altars:
Ashenzari
Cheibriados
Fedhas
Gozag
Hepliaklqana
Kikubaaqudgha
Makhleb
Nemelex Xobeh
Okawaru
Qazlal
Ru
Sif Muna
Trog
Uskayaw
Vehumet
Wu Jian
Xom
Yredelemnul

Shops:
D:4 *

Annotations:
Temple 2 transporters


Innate Abilities, Weirdness & Mutations

You have sharp fingernails.
You regenerate a little health from kills.
Your muscles are very strong. (Str +8, Int/Dex -2)


Message History

* * * LOW HITPOINT WARNING * * *
Something shocks you.
* * * LOW HITPOINT WARNING * * *
You aren't carrying any items that you can evoke.
Unknown command.
Okay, then.
It was a potion of attraction.
You feel attractive to monsters.
A sky beast appears from thin air!
Reactivating autopickup.
The sky beast closely misses you.
Okay, then.
Here: a sky beast (rain, almost dead, poisoned)
The floor.
It was a potion of mutation.
You feel extremely strange.
You feel stronger. x2
The sky beast barely misses you.
You hit the sky beast.
You kill the sky beast!
Training target 8.0 for Conjurations reached!
Your Hexes skill increases to level 1!
You now have 634 gold pieces (gained 16).
There is a stone staircase leading up here.
You start resting.
You feel less attractive to monsters.
You start resting.
Okay, then.
As you read the scroll labelled CUORYE QAUGEO, it crumbles to dust.
The scroll dissolves into smoke.
It was a scroll of fog.
As you read the scroll labelled FAXAID ACRECZU, it crumbles to dust.
It is a scroll of identify.
f - a potion of cancellation
Okay, then.
Okay, then.
As you read the scroll labelled GAIJUAL VIYMAI, it crumbles to dust.
Your body is wracked with pain!
It was a scroll of torment.
You start resting.
Unknown command.
The air fills with toxic fumes!
As you read the scroll labelled HADERUTZIB, it crumbles to dust.
It was a scroll of poison.
As you read the scroll labelled IDAYCI YDUESEL, it crumbles to dust.
You feel aware of your surroundings.
You sensed 4 shops/portals.
It was a scroll of magic mapping.
As you read the scroll labelled LAV IXEVVUM CIU, it crumbles to dust.
You feel strangely unstable.
It was a scroll of teleportation.
You climb upwards.
Your surroundings suddenly seem different.
You start waiting.
Done waiting.
(D) Dungeon (T) Temple
Where to? (Enter - D:7, ? - help)
There is a stone staircase leading down here.
You climb downwards.
Found a stone staircase leading up.
There is a stone staircase leading up here.
A steam dragon is nearby!
Aim: a steam dragon (asleep, 100% to hit)
The magic dart hits the steam dragon but does no damage.
The steam dragon hisses angrily.
Aim: a steam dragon (100% to hit)
You miscast Magic Dart.
You are very lightly contaminated with residual magic.
Nothing appears to happen.
You can't see any susceptible monsters within range! (Use Z to cast anyway.) Unknown command.
Aim: a steam dragon (100% to hit)
The magic dart hits the steam dragon.
The steam dragon breathes steam at you. The ball of steam hits you!
You hear an angry buzzing noise. x2
You can't see any susceptible monsters within range! (Use Z to cast anyway.) Unknown command.
Unknown command.
Found a +5 ring of evasion.
Found a stone staircase leading down.
A sleepcap comes into view.
There is a stone staircase leading up here.
Aim: a steam dragon (steam, lightly wounded, 81% to hit)
The searing ray hits the steam dragon. (Press . to maintain the ray.)
Your magical contamination has completely faded away.
The searing ray hits the steam dragon.
The searing ray misses the steam dragon.
You hit the steam dragon but do no damage.
The steam dragon is poisoned.
The steam dragon barely misses you. The steam dragon completely misses you.
You closely miss the steam dragon. The steam dragon barely misses you. x2
You closely miss the steam dragon. The steam dragon bites you!
The steam dragon claws you but does no damage.
You hit the steam dragon but do no damage.
The steam dragon looks as sick as possible!
The steam dragon breathes steam at you. The ball of steam hits you!
You hear an angry buzzing noise. x3
The steam dragon breathes steam at you. The ball of steam hits you!!
You die...
Your body crumbles into a pile of gold.

*,,,,* *,,,,,* *,,,* *,****
***,*****###*,,,* *,*
*****.#.,,,..#*,,,* *,*
*,,,....,**#.#*,***
*,****,,,#.#..###.#*,*
,,,,**,,,#......§§#*,*
*,*,,,,,,......#§§#*,*##*
*,,,,,,,,......#.§##....*********
***,,,,,,.=.....@D...>...**,,,,,,
***,**,,,#.###.#.##......,*,****,
,,,,**,,,#.....#.#*......,,,* **
******,<,....§..<#*,.....,*** **
****...###.##**.....** ,**
*..,,...,* **...#*** ,,****
*.,,#.##,* *....,,* ,,,,,*
*,,,##,*,* **,,***,******
,***,****,,,*,**,***,,,,,,,*,,,,,


You could see a steam dragon (extremely poisoned, catching breath).

Vanquished Creatures
  An acid dragon (D:6)
  Pargi (D:3)
  3 sky beasts
  An ogre (D:5)
  A centaur (D:6)
  A phantom (D:6)
  Blork the orc (D:5)
  A scorpion (D:4)
  A howler monkey (D:3)
  2 electric eels (D:6)
  4 orc priests
  4 hounds (D:4)
  A jelly (D:4)
  A sleepcap (D:6)
  Ijyb (D:3)
  4 iguanas
  5 orc wizards
  2 gnolls (D:4)
  3 adders
  2 shadow imps
  A white imp (D:5)
  An ufetubus (D:5)
  3 dart slugs
  2 worms
  26 orcs
  6 bats
  6 endoplasms
  2 giant cockroaches (D:3)
  9 goblins
  5 hobgoblins
  8 kobolds
  2 quokkas
  7 ball pythons
  3 frilled lizards
  7 rats
128 creatures vanquished.

Vanquished Creatures (collateral kills)
  2 gnolls (D:4)
2 creatures vanquished.

Vanquished Creatures (others)
  An orc (D:5)
1 creature vanquished.

Grand Total: 131 creatures vanquished

Notes
Turn   | Place    | Note
-------+----------+-------------------------------------------
     0 | D:1      | domi the Demonspawn Conjurer began the quest for the Orb.
     0 | D:1      | Reached XP level 1. HP: 13/13 MP: 3/3
   413 | D:1      | Gained mutation: You have sharp fingernails. [demonic
                  | ancestry]
   413 | D:1      | Reached XP level 2. HP: 19/19 MP: 3/5
  1371 | D:2      | Reached skill level 5 in Conjurations
  1408 | D:2      | Reached XP level 3. HP: 24/24 MP: 4/6
  2624 | D:3      | Gained mutation: You regenerate a little health from kills.
                  | [demonic ancestry]
  2624 | D:3      | Reached XP level 4. HP: 30/30 MP: 0/7
  2658 | D:3      | Reached skill level 6 in Conjurations
  2730 | D:3      | Noticed Pargi
  2859 | D:2      | Learned a level 2 spell: Searing Ray
  2864 | D:2      | Learned a level 4 spell: Iskenderun's Mystic Blast
  2910 | D:3      | Noticed Ijyb
  2923 | D:3      | Killed Ijyb
  2998 | D:3      | HP: 7/30 [orc priest/divine providence (9)]
  3003 | D:3      | HP: 1/30 [orc priest/+0 dagger (4)]
  3008 | D:3      | Reached skill level 1 in Translocations
  3008 | D:3      | Reached XP level 5. HP: 13/35 MP: 0/8
  3011 | D:3      | HP: 8/35 [orc/+0 whip (1)]
  3588 | D:3      | Killed Pargi
  3589 | D:3      | Reached skill level 2 in Translocations
  3589 | D:3      | Reached XP level 6. HP: 22/41 MP: 1/9
  3780 | D:4      | Identified the +2 leather armour of Qairchoism {rC+ Will+
                  | Str+2 Dex-2}
  4031 | D:4      | Reached skill level 7 in Conjurations
  4101 | D:4      | Found Mausmoet's CLEARANCE SALE!.
  4147 | D:4      | Reached skill level 3 in Translocations
  4325 | D:4      | Reached XP level 7. HP: 24/46 MP: 2/10
  4766 | D:4      | Found a staircase to the Ecumenical Temple.
  4775 | Temple   | Entered the Ecumenical Temple
  4775 | Temple   | Found a transporter.
  4775 | Temple   | Found a transporter.
  4777 | Temple   | Found a transporter.
  4777 | Temple   | Found a transporter.
  4797 | Temple   | Became a worshipper of Gozag Ym Sagoz the Greedy
  5254 | D:5      | Entered Level 5 of the Dungeon
  5258 | D:5      | Reached skill level 4 in Translocations
  5635 | D:5      | Noticed Blork the orc
  5641 | D:5      | Killed Blork the orc
  5642 | D:5      | Reached skill level 8 in Conjurations
  6429 | D:6      | Reached skill level 5 in Translocations
  6546 | D:6      | Reached XP level 8. HP: 48/52 MP: 0/11
  7185 | D:6      | Reached skill level 9 in Conjurations
  7429 | D:6      | Reached skill level 6 in Translocations
  7617 | D:6      | Identified the +1 scale mail "Rael" {Stlth+}
  7871 | D:6      | Learned a level 4 spell: Fulminant Prism
  8044 | D:7      | HP: 13/52 [something (4)]
  8047 | D:7      | HP: 5/52 [sky beast (5)]
  8051 | D:7      | HP: 2/52 [something (6)]
  8053 | D:7      | Gained mutation: Your muscles are strong. (Str +4, Int/Dex
                  | -1) [potion of mutation]
  8053 | D:7      | Gained mutation: Your muscles are very strong. (Str +8,
                  | Int/Dex -2) [potion of mutation]
  8055 | D:7      | Reached skill level 1 in Hexes
  8435 | D:7      | Killed from afar by a steam dragon

Illustrated notes

Levels and vault maps discovered:
D:1:      erik_arrival_orb_chamber, layout_basic
D:2:      layout_basic, serial_glass, glass_columns_b, glass_columns_c,
          glass_columns_a, chequers_serial_rivers_micro_d,
          dreamdust_princess_bridge
D:3:      layout_basic, uniq_ijyb, uniq_pargi
D:4:      layout_loops_ring, marbit_many_paths,
          minmay_temple_entry_antechambers, nicolae_shop_clearance
D:5:      layout_cave_pools, mainiacjoe_overflow_small_starburst,
          uniq_blork_the_orc
D:6:      layout_loops_ring, minivault_14, minmay_puff
D:7:      layout_loops_cross, serial_shops,
          nicolae_shop_competitors_out_of_business, chequers_jeans,
          minmay_misc_feat_tiny
Temple:   hellmonk_temple_divided_pantheon

Skill      XL: |  1  2  3  4  5  6  7  8 |
---------------+-------------------------+-----
Conjurations   | 5 6 7 8 9 |  9.4
Translocations | 1 2 3 5 6 |  6.5
Hexes          | 1 |  1.2
Dodging        | |  1.7
Stealth        | |  1.7
Spellcasting   | |  2.0

Action                     |  1- 3 |  4- 6 |  7- 9 || total
---------------------------+-------+-------+-------++-------
  Melee: Unarmed           |     2 |       |       ||     2
         Dagger            |     2 |    43 |    55 ||   100
         Punch             |       |       |     1 ||     1
   Cast: Magic Dart        |    88 |    52 |    87 ||   227
         Searing Ray       |       |    11 |    23 ||    34
         Iskenderun's Myst |       |       |     5 ||     5
  Evoke: Wand              |       |     1 |     1 ||     2
    Use: Potion            |       |     5 |     8 ||    13
         Scroll            |       |       |     6 ||     6
   Stab: Sleeping          |       |     3 |       ||     3
 Armour: Robe              |     7 |     9 |    16 ||    32
  Dodge: Dodged            |    14 |    34 |    64 ||   112

Table legend: (Time is in decaauts)
 A = Elapsed time spent in this place.
 B = Non-inter-level travel time spent in this place.
 C = Inter-level travel time spent in this place.
 D = Time resting spent in this place.
 E = Time spent auto-exploring this place.
 F = Levels seen in this place.
 G = Mean time per level.
                   A        B        C        D        E       F      G
               +--------+--------+--------+--------+--------+-----+--------+
         Total |   8434 |   8163 |    271 |   1540 |   5688 |   8 | 1054.2 |
       Dungeon |   8393 |   8131 |    262 |   1540 |   5688 |   7 | 1199.0 |
        Temple |     40 |     31 |      9 |      0 |      0 |   1 |   40.0 |
               +--------+--------+--------+--------+--------+-----+--------+

Top non-repeatable levels by time:
     D:6: 1743 daAuts
     D:4: 1542 daAuts
     D:3: 1465 daAuts
     D:2: 1327 daAuts
     D:5: 1057 daAuts
     D:1: 981 daAuts
     D:7: 274 daAuts
  Temple: 40 daAuts

Table legend:
 A = Kills in this place as a percentage of kills in the entire game.
 B = Kills by you in this place as a percentage of kills by you in the entire game.
 C = Kills by friends in this place as a percentage of kills by friends in the entire game.
 D = Other kills in this place as a percentage of other kills in the entire game.
 E = Experience gained in this place as a percentage of experience gained in the entire game.
 F = Experience gained in this place divided by the number of levels of this place that you have seen.
                   A       B       C       D       E      F
               +-------+-------+-------+-------+-------+----------------------
         Total | 100.0 | 100.0 | 100.0 |   N/A | 100.0 | 306.8
       Dungeon | 100.0 | 100.0 | 100.0 |   N/A | 100.0 | 350.6
               +-------+-------+-------+-------+-------+----------------------
